 Dungeon Crawl Stone Soup version 0.23.2-1-ga50397a (webtiles) character file.

Game seed: 3981673411749720229

50 Crabhammer the Magician (level 3, -4/28 HPs)
             Began as a Naga Wizard on May 21, 2019.
             Slain by an ice beast (9 damage)
             ... on level 2 of the Dungeon.
             The game lasted 00:05:13 (1053 turns).

Crabhammer the Magician (Naga Wizard)               Turns: 1053, Time: 00:05:14

Health: -4/28      AC:  2    Str:  9    XL:     3   Next: 79%
Magic:  1/8        EV: 10    Int: 19    God:
Gold:   97         SH:  0    Dex:  9    Spells: 1/10 levels left

rFire    . . .     SeeInvis +   i - +0 short sword
rCold    . . .     Gourm    .   (no shield)
rNeg     . . .     Faith    .   a - +0 robe
rPois    +         Spirit   .   b - +0 hat
rElec    .         Reflect  .   (no cloak)
rCorr    .         Harm     .   (no gloves)
MR       .....                  (no barding)
Stlth    ++........             (no amulet)
HPRegen  0.09/turn              (no ring)
MPRegen  0.11/turn              (no ring)

@: very slow
A: large, see invisible, deformed body, poison resistance, slowness 2, slow
metabolism 1, spit poison 1, AC +1
a: Spit Poison


You were on level 2 of the Dungeon.
You were not hungry.

You visited 1 branch of the dungeon, and saw 2 of its levels.

You collected 97 gold pieces.

Inventory:

Hand Weapons
 i - a +0 short sword (weapon)
Armour
 a - a +0 robe (worn)
 b - a +0 hat (worn)
 k - a +0 shield
Jewellery
 e - an uncursed ring of protection from cold {unknown}
 f - a cursed ring of teleportation {unknown}
Scrolls
 g - 2 scrolls of identify {unknown}
 h - a scroll of immolation {unknown}
 l - a scroll of fog {unknown}
Potions
 c - a potion of might {unknown}
Comestibles
 d - a ration


   Skills:
 + Level 0.1 Fighting
 + Level 0.1 Short Blades
 + Level 1.7 Dodging
 + Level 3.6 Stealth
 + Level 0.3 Unarmed Combat
 + Level 4.0 Spellcasting
 + Level 1.0 Conjurations
   Level 1.0 Summonings
 + Level 1.0 Translocations


You had one spell level left.
You knew the following spells:

 Your Spells              Type           Power        Failure   Level  Hunger
a - Magic Dart            Conj           #...         9%          1    None
b - Blink                 Tloc           N/A          14%         2    ##.....
c - Mephitic Cloud        Conj/Pois/Air  #.......     34%         3    ###....
d - Conjure Flame         Conj/Fire      #.......     32%         3    ###....

Your spell library contained the following spells:

 Spells                   Type           Power        Failure   Level  Hunger
 Call Imp                 Summ           #.......     14%         2    ##.....
 Slow                     Hex            #.......     21%         2    ##.....


Dungeon Overview and Level Annotations

Branches:
Dungeon (2/15)

Altars:
The Shining One


Innate Abilities, Weirdness & Mutations

You cannot wear boots.
Your serpentine skin is tough. (AC +1)
You have supernaturally acute eyesight. (SInv)
Armour fits poorly on your strangely shaped body.
Your system is resistant to poisons. (rPois)
You cover ground very slowly.
You have a slow metabolism.
You can spit poison.


Message History

The ice beast is moderately wounded.
You closely miss the ice beast.
The ice beast is moderately wounded.
The ice beast hits you. The ice beast freezes you!
Casting: Magic Dart (safe; 9% risk of failure)
Confirm with . or Enter, or press ? or * to list all spells.
Okay, then.
Casting: Magic Dart (safe; 9% risk of failure)
Confirm with . or Enter, or press ? or * to list all spells.
You blink.
Found 3 gold pieces.
The ice beast hits you. The ice beast freezes you!
* * * LOW HITPOINT WARNING * * *
The ice beast barely misses you.
There is an open door, spattered with blood here.
The ice beast barely misses you. The ice beast hits you.
* * * LOW HITPOINT WARNING * * *
The ice beast freezes you!
You die...

.........>.##..#
.#........##..<#
............>#.#
##..........##.#
#..........##.#
##..........#.##
#........#....#
#........#..#.#
###...(..#@.#..# #.
#.......Y### .....
##.......##.## ...
....).....##...##...
..........#'..⌠..##
.........##..⌠.⌠..##
.......###..⌠._.⌠..#
....... ##..⌠.⌠..##
#.....# ##..⌠..##


You could see an ice beast.

Vanquished Creatures
  An adder (D:2)
  A dart slug (D:2)
  3 leopard geckos (D:1)
  An orc (D:2)
  A bat (D:1)
  3 giant cockroaches
  3 goblins (D:1)
  4 hobgoblins (D:1)
  6 kobolds
  A ball python (D:1)
  A frilled lizard (D:2)
  8 rats
33 creatures vanquished.

Notes
Turn   | Place    | Note
-------+----------+-------------------------------------------
     0 | D:1      | Crabhammer the Naga Wizard began the quest for the Orb.
     0 | D:1      | Reached XP level 1. HP: 15/15 MP: 4/4
    66 | D:1      | Reached XP level 2. HP: 22/22 MP: 6/6
   211 | D:1      | Reached XP level 3. HP: 23/28 MP: 5/8
   839 | D:2      | Found a glowing golden altar of the Shining One.
   855 | D:2      | Reached skill level 4 in Spellcasting
   990 | D:2      | Noticed an ice beast
   998 | D:2      | Learned a level 2 spell: Blink
  1002 | D:2      | Learned a level 3 spell: Mephitic Cloud
  1006 | D:2      | Learned a level 3 spell: Conjure Flame
  1053 | D:2      | Slain by an ice beast

Skill      XL: |  1  2  3 |
---------------+----------+-----
Spellcasting   | 4 |  4.0
Fighting       | |  0.1
Short Blades   | |  0.1
Dodging        | |  1.7
Stealth        | |  3.6
Unarmed Combat | |  0.3
Conjurations   | |  1.0
Summonings     | |  1.0
Translocations | |  1.0

Action                   || total
-------------------------++-------
Melee: Unarmed           ||    29
       Short sword       ||    14
 Cast: Magic Dart        ||    24
       Conjure Flame     ||     1
       Blink             ||     1
 Abil: Spit Poison       ||    20
 Stab: Sleeping          ||     6
  Eat: Chunk             ||     1
Armor: Robe              ||     2
Dodge: Dodged            ||    24
